 Dungeon Crawl Stone Soup version 0.31-a0-1059-g83d41fd8b6 (webtiles) character file.

Game seed: 13868158061084142916

5 Gumption the Shield-Bearer (level 1, 0/18 HPs)
             Began as a Formicid Fighter on Nov 21, 2023.
             Succumbed to a kobold's poison
             ... on level 1 of the Dungeon.
             The game lasted 00:03:04 (278 turns).

Gumption the Shield-Bearer (Formicid Fighter)        Turns: 278, Time: 00:03:04

Health: 0/18       AC:  6    Str: 20    XL:     1   Next: 88%
Magic:  1/1        EV:  9    Int:  7    God:
Gold:   39         SH:  5    Dex: 13    Spells: 0/0 levels left

rFire   . . .        a - +0 flail
rCold   . . .        c - +0 buckler
rNeg    . . .        b - +0 scale mail
rPois   .            (helmet unavailable)
rElec   .            (no cloak)
rCorr   .            (no gloves)
SInv    +            (no boots)
Will    .....        (no amulet) Stlth
                     (no ring)
HPRegen 0.23/turn    (no ring)
MPRegen 0.07/turn

%: no passive effects
@: lethally poisoned (0 -> -4)
A: permanent stasis, dig shafts and tunnels, antennae 3, four strong arms
a: Dig, Shaft Self


You were on level 1 of the Dungeon.
You visited 1 branch of the dungeon, and saw 1 of its levels.

You collected 39 gold pieces.

Inventory:

Hand Weapons
 a - a +0 flail (weapon)
Missiles
 f - 7 stones
Armour
 b - a +0 scale mail (worn)
 c - a +0 buckler (worn)
Scrolls
 e - 3 scrolls of fear {unknown}
Potions
 d - a potion of might
 g - 2 potions of brilliance {unknown}


   Skills:
 + Level 3.3 Fighting
 * Level 2.2 Maces & Flails
 + Level 3.3 Armour
 + Level 4.1 Shields


You couldn't memorise any spells.
You didn't know any spells.
Your spell library was empty.

Dungeon Overview and Level Annotations

Branches:
Dungeon (1/15)

Altars:

Shops:
D:1 =


Innate Abilities, Weirdness & Mutations

You cannot be hasted, slowed, berserked, paralysed or teleported.
You can dig through walls and to a lower floor.
You have a pair of large antennae on your head. (SInv)
Your four strong arms can wield two-handed weapons with a shield.


Message History

The frilled lizard hisses angrily.
An endoplasm comes into view.
The frilled lizard barely misses you.
You hit the frilled lizard.
The frilled lizard is heavily wounded.
The frilled lizard barely misses you.
You sock the frilled lizard!
You kill the frilled lizard!
You hit the endoplasm.
You kill the endoplasm!
A giant cockroach comes into view.
Found 15 gold pieces.
The giant cockroach bites you but does no damage.
You thump the giant cockroach!
You kill the giant cockroach!
You see here a giant cockroach corpse.
You now have 39 gold pieces (gained 15).
A kobold comes into view. It is wielding a +2 dagger of venom.
The kobold shouts!
Found a pair of boots.
The kobold hits you with a +2 dagger of venom.
You are poisoned.
You barely miss the kobold.
You feel very sick. The kobold hits you but does no damage.
You are lethally poisoned!
You thump the kobold!
You kill the kobold!
* * * LOW HITPOINT WARNING * * *
You feel very sick.
* * * LOW HITPOINT WARNING * * *
You feel very sick.
* * * LOW HITPOINT WARNING * * *
You feel sick.
* * * LOW HITPOINT WARNING * * *
You feel sick.
There is a lethal amount of poison in your body!
* * * LOW HITPOINT WARNING * * *
You feel sick.
You die...

# #.# #..##.# # #.
#.###.# # #. #.# #.# .
##### #.# #.# ...# #.#
#.# #.###.####.#
#)#####.# #..........#
#........
#####.########..######
#.# #@.....# #.#
#.###.## #.# ##.###.#
#.#.###...##.#
#.....†......#
###.###...#### ...#
##.## ..#..# #.# #.
...# #.#


There were no monsters in sight!

Vanquished Creatures
  An endoplasm (D:1)
  A giant cockroach (D:1)
  A quokka (D:1)
  A frilled lizard (D:1)
  A kobold (D:1)
5 creatures vanquished.

Vanquished Creatures (others)
  A kraken (D:1)
  A minotaur (D:1)
  A vine stalker (D:1)
  2 gargoyles (D:1)
  A troll (D:1)
  A formicid (D:1)
  2 vampires (D:1)
  A naga (D:1)
  A dwarf (D:1)
  A mummy (D:1)
  6 tentacles (D:1)
18 creatures vanquished.

Grand Total: 23 creatures vanquished

Notes
Turn   | Place    | Note
-------+----------+-------------------------------------------
     0 | D:1      | Gumption the Formicid Fighter began the quest for the Orb.
     0 | D:1      | Reached XP level 1. HP: 18/18 MP: 1/1
     6 | D:1      | Killed a gargoyle
     6 | D:1      | Killed a naga
     7 | D:1      | Killed a dwarf
     8 | D:1      | Killed a vampire
     9 | D:1      | Found Xiolinuw's Jewellery Shop.
     9 | D:1      | Noticed a vine stalker
     9 | D:1      | Noticed a troll
     9 | D:1      | Noticed a formicid
     9 | D:1      | Noticed a vine stalker
     9 | D:1      | Noticed an elf
     9 | D:1      | Noticed a minotaur
     9 | D:1      | Noticed a kraken
     9 | D:1      | Noticed an octopode
     9 | D:1      | Noticed a vampire
     9 | D:1      | Noticed a gargoyle
     9 | D:1      | Killed a minotaur
     9 | D:1      | Killed a vampire
     9 | D:1      | Killed a troll
    10 | D:1      | Killed a formicid
    11 | D:1      | Killed a gargoyle
    12 | D:1      | Killed a vine stalker
    13 | D:1      | Killed a kraken
   278 | D:1      | Succumbed to a kobold's poison

Illustrated notes

Levels and vault maps discovered:
D:1:      nicolae_arrival_kraken_aquarium_b, layout_loops_ring, serial_shops,
          nicolae_square_shop, nicolae_shop_drivethru, shop, shop_coins,
          nicolae_shop_advertising_works [nicolae_subvault_shop_adworks]

Action                     || total
---------------------------++-------
  Melee: Flail             ||    10
 Armour: Scale mail        ||     6
  Dodge: Dodged            ||     5

Table legend: (Time is in decaauts)
 A = Elapsed time spent in this place.
 B = Non-inter-level travel time spent in this place.
 C = Inter-level travel time spent in this place.
 D = Time resting spent in this place.
 E = Time spent auto-exploring this place.
 F = Levels seen in this place.
 G = Mean time per level.
                   A        B        C        D        E       F      G
               +--------+--------+--------+--------+--------+-----+--------+
         Total |    281 |    281 |      0 |    120 |      0 |   1 |  281.0 |
       Dungeon |    281 |    281 |      0 |    120 |      0 |   1 |  281.0 |
               +--------+--------+--------+--------+--------+-----+--------+

Top non-repeatable levels by time:
     D:1: 281 daAuts
